 Dungeon Crawl Stone Soup version 0.30-b1-2-g02819fbbbe (webtiles) character file.

Game seed: 16895646089928576755

679 MisterFreud the Changer (level 7, 0/57 HPs)
             Began as a White Draconian Transmuter on July 16, 2023.
             Was an Initiate of Yredelemnul.
             Slain by Grinder (6 damage)
             ... on level 5 of the Dungeon.
             The game lasted 00:06:25 (4566 turns).

MisterFreud the Changer (DrTm)                      Turns: 4566, Time: 00:06:25

Health: 0/57       AC:  2    Str: 19    XL:     7   Next: 34%
Magic:  10/10      EV: 21    Int: 21    God:    Yredelemnul [......]
Gold:   326        SH:  0    Dex: 16    Spells: 3/10 levels left

rFire   . .          .
                       - Unarmed
rCold   . . .        (shield currently unavailable)
rNeg    . . .        (body armour unavailable)
rPois   x            (helmet currently unavailable)
rElec   .            (cloak currently unavailable)
rCorr   .            (gloves currently unavailable)
SInv    .            j - melded +1 pair of boots
Will    .....        (no amulet)
Stlth   +            k - +6 ring of intelligence
HPRegen 0.29/turn    o - +6 ring of strength
MPRegen 0.12/turn

%: no passive effects
@: spider-form (expiring)
A: venomous fangs, (breathe frost), AC +6, tiny, unfitting armour, (cold
resistance 1), (cold-blooded)
a: End Transformation, Renounce Religion, Recall Undead Harvest


You were on level 5 of the Dungeon.
You worshipped Yredelemnul.
Yredelemnul was noncommittal.
You were a venomous arachnid creature.
You visited 2 branches of the dungeon, and saw 7 of its levels.

You collected 326 gold pieces.

Inventory:

Missiles
 l - 5 curare-tipped darts
 n - 8 poisoned darts
Armour
 j - a +1 pair of boots (melded)
Jewellery
 g - an amulet of guardian spirit
 k - a +6 ring of intelligence (left front pincers)
 o - a +6 ring of strength (right front pincers)
Wands
 h - a wand of paralysis (12)
Scrolls
 a - a scroll of summoning {unknown}
 d - 6 scrolls of teleportation
 e - a scroll of amnesia
 m - a scroll of enchant armour
 p - a scroll of magic mapping
Potions
 b - 2 potions of flight {unknown}
 c - 2 potions of curing
 f - 2 potions of heal wounds {unknown}
 i - 2 potions of haste {unknown}
 q - 2 potions of mutation {unknown}


   Skills:
 * Level 3.4 Fighting
 - Level 4.1 Dodging
 * Level 4.0 Unarmed Combat
 - Level 2.0 Spellcasting
 + Level 5.3 Transmutations
 + Level 2.1 Ice Magic


You had 3 spell levels left.
You knew the following spells:

 Your Spells              Type           Power      Damage    Failure   Level
a - Spider Form           Tmut/Pois      13%        N/A       32%         3
b - Ice Form              Ice/Tmut       17%        N/A       54%         4

Your spell library contained the following spells:

 Spells                   Type           Power      Damage    Failure   Level
 Beastly Appendage        Tmut           48%        N/A       7%          1
 Wereblood                Tmut           24%        N/A       10%         2
 Magic Dart               Conj           8%         1d3       32%         1
 Searing Ray              Conj           4%         2d4       43%         2
 Gell's Gravitas          Tloc           2%         N/A       63%         3
 Teleport Other           Tloc           2%         N/A       63%         3
 Fulminant Prism          Conj/Hex       1%         3d5       93%         4
 Dispersal                Tloc           1%         N/A       100%        6


Dungeon Overview and Level Annotations

Branches:
Dungeon (6/15)             Temple (1/1) D:4

Altars:
Ashenzari
Cheibriados
Dithmenos
Elyvilon
Gozag
Hepliaklqana
Makhleb
Nemelex Xobeh
Qazlal
Ru
Sif Muna
Trog
Uskayaw
Xom
Yredelemnul
Zin
The Shining One

Annotations:
D:3 1 runed translucent door, MrMobius's ghost, amateur DENe
D:5 Dowan; Duvessa; Grinder; Pikel


Innate Abilities, Weirdness & Mutations

You are a venomous arachnid creature.
You have venomous fangs.
You are tiny and dextrous.
Your spellcasting is less reliable in this form.
Your armour is entirely melded.
You are incapable of wielding weapons or throwing items.
((You can breathe waves of freezing cold which knock back foes.))
((Your icy white scales are hard. (AC +6)))
You cannot fit into any form of body armour.
((Your flesh is cold resistant. (rC+)))
((You are cold-blooded and may be slowed by cold attacks.))


Message History

The iguana is heavily wounded.
The iguana completely misses you.
You hit the iguana.
The iguana looks as sick as possible!
The iguana is heavily wounded.
The iguana completely misses you.
You hit the iguana but do no damage.
The iguana looks as sick as possible!
The iguana is heavily wounded.
The iguana bites you.
You bite the iguana!
You kill the iguana!
You start resting.
Grinder is nearby!
Grinder is nearby!
Grinder shouts!
You hit Grinder.
Grinder is lightly wounded.
Grinder gestures at you.
You suddenly lose the ability to move!
Your transformation is almost over.
Grinder hits you!
You writhe in agony.
Grinder hits you.
You writhe in agony.
You can move again.
Unknown command.
Unknown command.
You bite Grinder!
Grinder is moderately wounded.
Grinder barely misses you.
You barely miss Grinder.
Grinder is moderately wounded.
Grinder hits you!
* * * LOW HITPOINT WARNING * * *
You writhe in agony.
* * * LOW HITPOINT WARNING * * *
You hit Grinder but do no damage.
Grinder is moderately wounded.
You bite Grinder!
Grinder is poisoned.
Grinder is heavily wounded.
Grinder hits you.
You die...
Your body rises from the dead as a mindless zombie.

##...#.........).......##
##........................
..........................
....#..................###
......................##
..........##.....##....#
....................##.#
........5##........## ..#
.........s......##.# #...
(.......####..#..#... ##.
.......## ..###...#. .
......# ## ##. .... ......
..... ...... ...... .....
............ ........


You could see Grinder (very poisoned).

Vanquished Creatures
  2 ice beasts
  Pargi (D:3)
  3 lemures
  2 hounds
  5 iguanas
  An orc wizard (D:3)
  Natasha (twice) (D:4)
  A gnoll (D:5)
  7 adders
  4 dart slugs
  4 orcs (D:3)
  8 endoplasms
  3 goblins
  4 hobgoblins
  6 jackals
  6 kobolds
  2 quokkas (D:3)
  8 ball pythons
  4 bats
  3 frilled lizards
  6 rats
82 creatures vanquished.

Vanquished Creatures (others)
  An iguana zombie (D:5)
  A fungus (D:3)
  3 toadstools (D:3)
  2 withered plants (D:3)
7 creatures vanquished.

Grand Total: 89 creatures vanquished

Notes
Turn   | Place    | Note
-------+----------+-------------------------------------------
     0 | D:1      | MisterFreud the Draconian Transmuter began the quest for
                  | the Orb.
     0 | D:1      | Reached XP level 1. HP: 16/16 MP: 3/3
   258 | D:1      | Reached XP level 2. HP: 23/23 MP: 5/5
   715 | D:1      | Reached XP level 3. HP: 17/28 MP: 6/6
   776 | D:1      | Learned a level 3 spell: Spider Form
   794 | D:2      | Found a bloodstained altar of Trog.
  1304 | D:2      | HP: 1/28 [poisoned by an adder]
  1667 | D:3      | Noticed Pargi
  1681 | D:3      | Killed Pargi
  1682 | D:3      | Reached skill level 3 in Transmutations
  1682 | D:3      | Reached XP level 4. HP: 31/35 MP: 4/7
  1682 | D:3      | Reached XP level 5. HP: 35/40 MP: 4/8
  2143 | D:3      | Reached skill level 4 in Transmutations
  2179 | D:3      | Found a hide-covered altar of Uskayaw.
  2516 | D:3      | Found a runed translucent door.
  2517 | D:3      | Noticed MrMobius's ghost (amateur DENe)
  2688 | D:3      | Found a broken altar of Ashenzari.
  2692 | D:3      | Found a burning altar of Makhleb.
  2695 | D:3      | Found a sacrificial altar of Ru.
  3004 | D:4      | You fall into a shaft and drop 1 floor!
  3004 | D:5      | Entered Level 5 of the Dungeon
  3086 | D:5      | Found a sparkling altar of Nemelex Xobeh.
  3153 | D:5      | Noticed an ice beast
  3156 | D:5      | Reached XP level 6. HP: 41/47 MP: 5/9
  3181 | D:5      | Reached skill level 5 in Transmutations
  3206 | D:5      | Noticed Grinder
  3357 | D:4      | Learned a level 4 spell: Ice Form
  3455 | D:4      | Noticed Natasha
  3461 | D:4      | Killed Natasha
  3485 | D:4      | Found a staircase to the Ecumenical Temple.
  3501 | Temple   | Entered the Ecumenical Temple
  3502 | Temple   | Noticed Ituina the pandemonium lord
  3506 | Temple   | Noticed a cacodemon
  3522 | Temple   | Noticed Malai the pandemonium lord
  3523 | Temple   | Noticed a hellwing
  3523 | Temple   | Noticed a cacodemon
  3524 | Temple   | Noticed Viqocociss the pandemonium lord
  3525 | Temple   | Noticed a chaos spawn
  3565 | Temple   | Noticed a green death
  3565 | Temple   | Noticed Usuruq the pandemonium lord
  3566 | Temple   | Noticed a neqoxec
  3566 | Temple   | Noticed a chaos spawn
  3580 | Temple   | Noticed Viwn the pandemonium lord
  3594 | Temple   | Noticed Xiyvuuq the pandemonium lord
  3595 | Temple   | Noticed a cacodemon
  3613 | Temple   | Became a worshipper of Yredelemnul the Dark
  3679 | D:4      | Noticed Natasha
  3685 | D:4      | Killed Natasha
  3869 | D:4      | Killed an ice beast
  3870 | D:4      | Reached skill level 1 in Ice Magic
  3975 | D:5      | Your scales start taking on an icy white colour.
  3975 | D:5      | Reached XP level 7. HP: 56/56 MP: 7/10
  3975 | D:5      | Gained mutation: Your flesh is cold resistant. (rC+) [White
                  | Draconian growth]
  3999 | D:5      | Noticed Dowan
  3999 | D:5      | Noticed Duvessa
  4008 | D:5      | Noticed Pikel
  4355 | D:6      | Found a white marble altar of Elyvilon.
  4355 | D:6      | Found a stormy altar of Qazlal.
  4426 | D:6      | Found a shimmering blue altar of Sif Muna.
  4560 | D:5      | Paralysed by Grinder for 2 turns
  4566 | D:5      | Slain by Grinder

Illustrated notes

Levels and vault maps discovered:
D:1:      mrwooster_arrival_statue_3, layout_rooms, minmay_cut_off
D:2:      layout_loops_cross, basic_altar, minmay_crystal_water,
          chequers_serial_rivers_micro_b, hex_medium
D:3:      layout_loops_ring, mainiacjoe_overflow_alcove_4,
          minmay_overflow_temple_star_quad, gammafunk_ghost_grave,
          kennysheep_small_spiral, minmay_gold_behind_fungi, kennysheep_potato,
          uniq_pargi
D:4:      layout_basic, minmay_temple_entry_antechambers, grunt_ministairs_13,
          uniq_natasha
D:5:      layout_rooms, mainiacjoe_overflow_alcove_2, general_overflow_altar,
          uniq_duvessa, uniq_pikel, uniq_grinder, uniq_sigmund
D:6:      layout_loops_corners, mainiacjoe_overflow_surrounded_room,
          mainiacjoe_overflow_large_starburst, nicolae_water_bricks
Temple:   nicolae_temple_panitentiary

Skill      XL: |  1  2  3  4  5  6  7 |
---------------+----------------------+-----
Dodging        | 2 4 |  4.1
Transmutations | 3 4 5 |  5.3
Fighting       | 2 3 |  3.4
Ice Magic      | 1 2 |  2.1
Unarmed Combat | 4 |  4.0
Spellcasting   | |  2.0

Action                     |  1- 3 |  4- 6 |  7- 9 || total
---------------------------+-------+-------+-------++-------
  Melee: Unarmed           |   126 |   128 |    49 ||   303
         Tailslap          |    12 |     6 |       ||    18
         Headbutt          |     3 |       |       ||     3
         Kick              |     3 |       |       ||     3
         Punch             |     2 |     2 |     1 ||     5
   Cast: Beastly Appendage |     7 |       |       ||     7
         Spider Form       |     1 |    15 |     4 ||    20
Ability: End Transformatio |       |     1 |       ||     1
    Use: Scroll            |     6 |     1 |     1 ||     8
         Potion            |       |       |     1 ||     1
   Stab: Sleeping          |       |     1 |       ||     1
 Armour: Skin              |    39 |    19 |     7 ||    65
  Dodge: Dodged            |    92 |   105 |    38 ||   235
